 Dungeon Sprint DCSS version 0.15-b1-123-g0918319 (webtiles) character file.

697 Econoterrorist the Grappler (level 7, -8/74 HPs)
             Began as a Troll Monk on Aug 25, 2014.
             Was a High Priest of Jiyva.
             Mangled by a deep troll (11 damage)
             ... in the Dungeon (Sprint I: "Red Sonja").
             The game lasted 00:02:53 (305 turns).

Econoterrorist the Grappler (Troll Monk)             Turns: 305, Time: 00:02:55

HP  -8/74        AC  6     Str 20      XL: 7   Next: 37%
MP   3/3         EV 12     Int  4      God: Jiyva [*****.]
Gold 216         SH  0     Dex 14      Spells:  0 memorised,  6 levels left

rFire  . . .     SeeInvis .       - Unarmed
rCold  . . .     Clarity  .     a - +0 robe
rNeg   . . .     rCorr    +     (shield restricted)
rPois  .         rRot     .     (helmet restricted)
rElec  .         Spirit   .     (no cloak)
SustAb .         Warding  .     (gloves unavailable)
rMut   .         NoTele   +     (boots unavailable)
Gourm  +                        (no amulet)
MR     .....                    (no ring)
                                (no ring)

@: not resistant to hostile enchantments, unstealthy
A: unfitting armour, claws 3, rugged brown scales 1, dopey 1, fast metabolism 3,
gourmand, regeneration 2, saprovore 2, shaggy fur 1, tough skin 2
a: Request Jelly, Jelly Paralyse, Slimify, Cure Bad Mutation, Renounce Religion


You were in the Dungeon.
You worshipped Jiyva.
Jiyva was extremely pleased with you.
You were completely stuffed.

You visited 1 branch You collected 216 gold pieces.

Inventory:

Hand weapons
 i - a +0 giant club
Armour
 a - a +0 robe (worn)
Comestibles
 b - 2 meat rations
Scrolls
 h - a scroll of blinking
 j - a scroll of vulnerability {unknown}
Potions
 c - a potion of curing
 d - a potion of heal wounds
 e - a potion of haste
 f - 2 potions of magic
 g - a potion of berserk rage


   Skills:
 + Level 5.6 Fighting
 + Level 5.6 Dodging
 - Level 1.1 Stealth
 * Level 13.7 Unarmed Combat


You had 6 spell levels left.
You didn't know any spells.

Dungeon Overview and Level Annotations

Branches:
Dungeon (1/1)

Altars:
Cheibriados
Dithmenos
Elyvilon
Fedhas
Kikubaaqudgha
Makhleb
Nemelex Xobeh
Okawaru
Qazlal
Sif Muna
Trog
Vehumet
Xom
Yredelemnul
Zin
The Shining One
Jiyva

Shops:
D [


Innate Abilities, Weirdness & Mutations

You are too large for most types of armour.
You have claws for hands.
Your metabolism is lightning-fast.
You like to eat raw meat.
You heal very quickly.
You can eat rotten meat.
You are covered in fur (AC +1).
You have very tough skin (AC +2).
You are partially covered in rugged brown scales (AC +1, +3% HP).
You are dopey. (Int -2)


Message History

Found 27 gold pieces.
Ouch! You feel less confused.
Found 27 gold pieces.
You claw the ballistomycete!
The ballistomycete is moderately damaged.
The deep troll bites the ballistomycete!!
The ballistomycete is destroyed!
You scratch the deep troll but do no damage.
You claw the deep troll!
The deep troll begins to bleed from its wounds!
The deep troll is moderately wounded.
The deep troll bites you. The deep troll claws you. The deep troll claws you!
You scratch the deep troll but do no damage.
The deep troll is moderately wounded.
The deep troll bites you!!
* * * LOW HITPOINT WARNING * * *
The deep troll claws you but does no damage.
The deep troll claws you!
You die...

#.)#_.####..##.#
#..#_..._##'#..+
#⌠⌠#_.∩...'..._#
####_..._##_.#.#
#_____###'#.#
#########.####+###
.......P.......$$+
+++####...#######
##@## #T# !*!


$?%[$ ####### You could see a deep troll (bleeding), an active ballistomycete
and a giant spore.

Vanquished Creatures
  Sonja (D)
  A slime creature (D)
  A yak (D)
  An ogre (D)
  Sigmund (D)
  Ijyb (D)
6 creatures vanquished.

Vanquished Creatures (others)
  4 jellies (D)
  A giant spore (D)
  A ballistomycete (D)
6 creatures vanquished.

Grand Total: 12 creatures vanquished

Notes
Turn   | Place    | Note
--------------------------------------------------------------
     0 | D        | Econoterrorist, the Troll Monk, began the quest for the Orb.
     0 | D        | Reached XP level 1. HP: 22/22 MP: 1/1
     1 | D        | Noticed Ijyb
    11 | D        | Killed Ijyb
    11 | D        | Reached skill level 6 in Unarmed Combat
    11 | D        | Reached XP level 2. HP: 26/29 MP: 1/1
    24 | D        | Noticed an ogre
    28 | D        | Killed an ogre
    28 | D        | Reached skill level 9 in Unarmed Combat
    28 | D        | Reached XP level 3. HP: 36/36 MP: 2/2
    28 | D        | Reached XP level 4. HP: 44/44 MP: 2/2
    56 | D        | Noticed Sigmund
    62 | D        | Killed Sigmund
    62 | D        | Reached skill level 11 in Unarmed Combat
    62 | D        | Reached XP level 5. HP: 31/50 MP: 2/2
   110 | D        | Found a snail-covered altar of Cheibriados.
   110 | D        | Found a viscous altar of Jiyva.
   110 | D        | Found a shadowy altar of Dithmenos.
   110 | D        | Found a blossoming altar of Fedhas.
   110 | D        | Noticed a slime creature
   117 | D        | Killed a slime creature
   117 | D        | Reached skill level 12 in Unarmed Combat
   117 | D        | Reached XP level 6. HP: 33/62 MP: 3/3
   165 | D        | Became a worshipper of Jiyva Jiassod the Shapeless
   165 | D        | Acquired Jiyva's first power
   165 | D        | Acquired Jiyva's second power
   167 | D        | Found a deep blue altar of Sif Muna.
   167 | D        | Noticed a jelly
   169 | D        | Found a radiant altar of Vehumet.
   181 | D        | Acquired Jiyva's third power
   181 | D        | Gained mutation: You are dopey. (Int -2) [Jiyva's grace]
   181 | D        | Acquired Jiyva's fourth power
   184 | D        | Found Ufom Sau's Armour Emporium.
   184 | D        | Found a white marble altar of Elyvilon.
   184 | D        | Found a stormy altar of Qazlal.
   184 | D        | Found a burning altar of Makhleb.
   184 | D        | Found a basalt altar of Yredelemnul.
   184 | D        | Found a glowing golden altar of the Shining One.
   184 | D        | Found a sparkling altar of Nemelex Xobeh.
   184 | D        | Found a shimmering altar of Xom.
   184 | D        | Found an ancient bone altar of Kikubaaqudgha.
   184 | D        | Found a glowing silver altar of Zin.
   184 | D        | Noticed a yak
   189 | D        | Killed a yak
   189 | D        | Reached skill level 13 in Unarmed Combat
   190 | D        | Found an iron altar of Okawaru.
   191 | D        | Found a bloodstained altar of Trog.
   203 | D        | Noticed Sonja
   210 | D        | Gained mutation: You are partially covered in rugged brown scales (AC +1, +3% HP). [Jiyva's grace]
   213 | D        | Killed a jelly
   221 | D        | Killed a jelly
   240 | D        | Killed Sonja
   240 | D        | Reached skill level 5 in Fighting
   240 | D        | Reached skill level 5 in Dodging
   240 | D        | Reached XP level 7. HP: 56/74 MP: 3/3
   299 | D        | Noticed a deep troll
   305 | D        | HP: 3/74 [deep troll (21)]
   305 | D        | Mangled by a deep troll

Action                   |  1- 3 |  4- 6 |  7- 9 || total
-------------------------+-------+-------+-------++-------
Melee: Unarmed           |    11 |    19 |     4 ||    34
 Stab: Sleeping          |     1 |     1 |       ||     2
  Eat: Chunk             |     2 |     4 |       ||     6
